 Dungeon Crawl Stone Soup version 0.29.0-4-gdea44cf6ec (webtiles) character file.

Game seed: 1040773048362053134

2190191 magipi the Spry (level 26, 150/150 HPs)
             Began as a Vampire Berserker on Aug 27, 2022.
             Was a High Priest of Trog.
             Escaped with the Orb
             ... and 4 runes!
             The game lasted 04:54:29 (76758 turns).

magipi the Spry (Vampire Berserker)                Turns: 76758, Time: 04:54:30

Health: 150/150    AC: 31    Str: 20      XL:     26   Next: 63%
Magic:  9/9        EV: 21    Int:  7 (11) God:    Trog [*****.]
Gold:   5930       SH: 17    Dex: 24 (30) Spells: 25/25 levels left

rFire   + . .      SeeInvis +   b - +7 demon blade (antimagic)
rCold   + + .      Faith    .   C - +1 kite shield {reflect}
rNeg    + + .      Spirit   +   e - +7 chain mail of the Yeti {Contam Drain rElec Dex+7}
rPois   +          Reflect  +   n - +0 hat "Alar" {-Cast rN++ Will+ SInv}
rElec   +          Harm     .   M - +2 cloak {rPois}
rCorr   +          Rampage  .   L - +2 pair of gloves
Will    ++++.      Rage     3%  D - +1 pair of boots of the Evening Star {Will+ Regen+ MP+9}
Stlth   .......... NoCast   +   r - amulet "Movig" {Spirit Dex+5}
HPRegen 1.35/turn               o - ring of Nolawas {Wiz rElec rC++ rCorr Stlth-}
MPRegen 0.11/turn               F - ring of protection from fire

@: healing quickly
A: alive, fangs 3, see invisible, vampiric 2, berserk 1, deterioration 2, frail
3, low MP 1, weak 1, wild magic 1, evolution 1, MP-powered wands
0: Orb of Zot
}: 4/15 runes: decaying, slimy, silver, gossamer
a: Exsanguinate, Renounce Religion, Berserk, Trog's Hand, Brothers in Arms


You escaped.
You worshipped Trog.
Trog was extremely pleased with you.
You visited 11 branches of the dungeon, and saw 53 of its levels.
You also visited: Gauntlet and Ice Cave.

You collected 7771 gold pieces.
You spent 1841 gold pieces at shops.

Inventory:

Hand Weapons
 a - a +6 demon blade of freezing
 b - a +7 antimagic demon blade (weapon)
Missiles
 j - 2 throwing nets (quivered)
 x - 19 javelins
 I - 2 curare-tipped darts
 T - 14 silver javelins
 X - 5 boomerangs
Armour
 e - the +7 chain mail of the Yeti (worn) {Contam Drain rElec Dex+7}
   (You found it on level 3 of the Elven Halls)

   Dex:       It affects your dexterity (+7).
   rElec:     It insulates you from electricity.
   Contam:    It causes magical contamination when unequipped.
   Drain:     It drains your maximum health when unequipped.
 n - the +0 hat "Alar" (worn) {-Cast rN++ Will+ SInv}
   (You found it on level 3 of the Vaults)

   rN:        It greatly protects you from negative energy.
   SInv:      It lets you see invisible.
   -Cast:     It prevents spellcasting.
   Will:      It increases your willpower.
 C - a +1 kite shield of reflection (worn)
 D - the +1 pair of boots of the Evening Star (worn) {Will+ Regen+ MP+9}
   (You found it in a Gauntlet)

   MP:        It affects your magic capacity (+9).
   Regen:     It increases your rate of health regeneration.
   Will:      It increases your willpower.
 L - a +2 pair of gloves (worn)
 M - a +2 cloak of poison resistance (worn)
Jewellery
 f - the ring "Fuoz" {rF+ rC+ Str+2 Dex+4 Stlth+}
   (You bought it in a shop on level 4 of the Vaults)

   [ring of protection from fire]

   Str:       It affects your strength (+2).
   Dex:       It affects your dexterity (+4).
   rF:        It protects you from fire.
   rC:        It protects you from cold.
   Stlth:     It makes you more stealthy.
 o - the ring of Nolawas (left hand) {Wiz rElec rC++ rCorr Stlth-}
   (You took it off an orc knight on level 5 of the Vaults)

   [ring of wizardry]

   It improves your spell success rate.
   rC:        It greatly protects you from cold.
   rElec:     It insulates you from electricity.
   rCorr:     It protects you from acid and corrosion.
   Stlth:     It makes you less stealthy.
 r - the amulet "Movig" (around neck) {Spirit Dex+5}
   (You found it on level 6 of the Dungeon)

   [amulet of guardian spirit]

   It causes incoming damage to be divided between your reserves of health and
   magic.
   Dex:       It affects your dexterity (+5).
 v - a +4 ring of protection
 F - a ring of protection from fire (right hand)
Wands
 d - a wand of digging (1)
 g - a wand of mindburst (13)
 h - a wand of roots (37)
 J - a wand of quicksilver (3)
 Q - a wand of polymorph (20)
 W - a wand of charming (37)
Scrolls
 l - 7 scrolls of vulnerability
 q - 9 scrolls of silence
 u - 7 scrolls of fear
 y - 9 scrolls of teleportation
 z - 2 scrolls of blinking
 O - 4 scrolls of immolation
 V - 3 scrolls of butterflies
 Y - 2 scrolls of magic mapping
Potions
 c - a potion of invisibility
 i - 2 potions of cancellation
 m - 8 potions of resistance
 s - 20 potions of curing
 t - 8 potions of heal wounds
 A - 6 potions of flight
 G - a potion of haste
 N - 6 potions of lignification
 P - 4 potions of might
 S - 12 potions of ambrosia
Miscellaneous
 p - a phial of floods
 B - a lightning rod (4/4)
 E - a condenser vane
 H - a box of beasts
 K - a tin of tremorstones (2/2)
 R - a phantom mirror


   Skills:
 - Level 19.0 Fighting
 - Level 16.0 Long Blades
 + Level 17.4 Throwing
 + Level 17.1 Armour
 - Level 19.1 Dodging
 - Level 18.0 Shields
 - Level 19.0 Evocations


You had 25 spell levels left.
You didn't know any spells.
Your spell library was empty.

Dungeon Overview and Level Annotations

Branches:
Dungeon (15/15)            Temple (1/1) D:7            Lair (5/5) D:8
  Swamp (4/4) Lair:3       Spider (4/4) Lair:2        Slime (5/5) Lair:5
    Orc (2/2) D:9             Elf (3/3) Orc:2        Vaults (5/5) D:14
  Crypt (0/3) Vaults:3     Depths (4/4) D:15            Zot (5/5) Depths:4
  IceCv (visited)         Gauntlet (visited)

Altars:
Ashenzari
Cheibriados
Dithmenos
Fedhas
Gozag
Hepliaklqana
Kikubaaqudgha
Makhleb
Nemelex Xobeh
Okawaru
Qazlal
Ru
Sif Muna
Trog
Uskayaw
Vehumet
Wu Jian
Xom
Yredelemnul
Jiyva

Shops:
D:5 (   D:11 *   Orc:2 (*[=   Elf:2 (   Vaults:3 *=**   Vaults:4 =   Vaults:5 :
Depths:2 :

Portals:
Hell: Depths:1 Depths:2 Depths:3 Depths:4
Abyss: Depths:3
Pandemonium: Depths:1 Depths:2
Ziggurat: Depths:1

Annotations:
D:10 2 runed translucent doors, exclusion: orange crystal statue
Temple 4 transporters
Lair:3 1 runed translucent door, zielscheibe's ghost, journeyman NaVM
Spider:4 3 runed translucent doors, Honosyedgha's ghost, adept GrBe; cfbundy's ghost, adept FoFi; endersaim's ghost, adept MfSk
Elf:2 3 runed translucent doors, Roxanne
Zot:1 3 runed translucent doors, 3 exclusions
Zot:4 1 runed translucent door, Armakuni's ghost, master MeCj


Innate Abilities, Weirdness & Mutations

Your natural rate of healing is accelerated.
You have razor-sharp teeth.
You have supernaturally acute eyesight. (SInv)
You are afflicted with vampirism and can become a bat while bloodless.
You sometimes lose your temper in combat.
Your body often deteriorates upon taking damage.
You are extremely frail. (-30% HP)
Your magical capacity is low. (-10% MP)
You are weak. (Str -2)
Your spells are a little harder to cast, but a little more powerful.
You have hidden genetic potential.
You expend magic power (3 MP) to strengthen your wands.


Message History

There is a stone staircase leading down here.
Unknown command.
You slice the orange demon!!
The orange demon is heavily wounded.
You closely miss the orange demon.
The orange demon is heavily wounded.
You hit the orange demon but do no damage.
The orange demon is heavily wounded.
You block the orange demon's attack. x2
You slice the orange demon!!
The orange demon is almost dead.
The orange demon stings you but does no damage.
The orange demon hits you but does no damage.
You slash the orange demon!
You kill the orange demon!
Trog accepts your kill.
No target in view!
(D) Dungeon (T) Temple (L) Lair (S) Swamp (N) Spider Nest (M) Slime Pits (O) Orcish Mines (E) Elven Halls (V) Vaults (C) Crypt (U) Depths (H) Hell (Z) Zot
Where to? (Enter - D:1 @ (x,y), ? - help)
Okay, then.
(D) Dungeon (T) Temple (L) Lair (S) Swamp (N) Spider Nest (M) Slime Pits (O) Orcish Mines (E) Elven Halls (V) Vaults (C) Crypt (U) Depths (H) Hell (Z) Zot
Where to? (Enter - D:1 @ (x,y), ? - help)
What level of the Dungeon? (default 1, ? - help)
There is a stone staircase leading up here.
You climb upwards.
There is a stone staircase leading down here.
Things that are here:
2 stones; a +0 whip; a +0 dagger
There is an open door here.
There is a staircase leading out of the dungeon here.
Unknown command.
Unknown command.
Unknown command.
You have escaped!

##.##.####.## #.#
###(..##.#'# ###.####
#.....'##.###.......
##...###...##.#.##..
##'###.....###.##.. #####
#.'........##.....
#...###'###.....###.....
#.####...###...##.......
#.# #..@..'##.###.......
#.# ##...##.#'#........#
#.# ##.####.######...##
#.# #'# ##### ##.##
###.#####.# #...# #.#
#......##.# ###.# #.#
#.#.##.##.#####.######.###
#.#.##.##...........(.>#.#
#.#.......##.##.#######...


There were no monsters in sight!

Vanquished Creatures
  the Royal Jelly (Slime:5)
  3 dread liches
  5 ancient liches
  4 orbs of fire
  Mennas (Vaults:4)
  Vv (Depths:3)
  4 Killer Klowns
  Margery (Vaults:3)
  Bai Suzhen (Swamp:4)
  9 golden dragons
  A pandemonium lord (Zot:1)
  A bone dragon (Depths:4)
  Arachne (Spider:2)
  4 electric golems
  Mlioglotl (Spider:2)
  A Hell Sentinel (D:7)
  13 tentacled monstrosities
  25 Orb Guardians
  4 liches
  2 deep elf blademasters (Elf:3)
  4 deep elf master archers
  3 titans (Vaults:5)
  4 quicksilver dragons
  12 acid blobs
  An Executioner (Depths:1)
  Agnes (Elf:2)
  5 sphinxes
  6 death cobs
  3 tengu reavers
  5 draconian monks
  9 shadow dragons
  13 rockslimes
  12 storm dragons
  Donald (Orc:2)
  7 fire giants
  3 fenstrider witches
  4 emperor scorpions
  6 draconian knights
  11 azure jellies
  A demonspawn warmonger (D:3)
  9 frost giants
  9 vault wardens
  4 draconian scorchers
  10 ghost moths
  5 deep elf sorcerers
  9 draconian shifters
  2 orc warlords
  4 draconian stormcallers (Zot:4)
  A ghoul (Swamp:2)
  3 spriggan defenders
  3 deep elf elementalists
  7 draconian annihilators
  15 ironbound preservers
  14 stone giants
  A broodmother (Spider:2)
  6 quicksilver oozes
  31 very ugly things
  A quicksilver ooze (shapeshifter) (Vaults:4)
  8 ironbound thunderhulks
  A reaper (Swamp:4)
  A deep elf demonologist (Elf:3)
  6 deep elf annihilators
  21 green draconians
  Nessos (D:13)
  3 vampire knights
  5 black draconians
  8 entropy weavers
  16 dire elephants
  6 bunyips
  5 eleionomae
  A lorocyproca (Depths:2)
  7 spark wasps
  12 red draconians
  A minotaur (Gauntlet)
  3 blizzard demons
  12 ettins
  8 purple draconians
  13 yellow draconians
  11 white draconians
  9 deep elf death magi
  A crystal guardian (Vaults:3)
  A green death (Swamp:4)
  11 fire dragons
  5 deep elf high priests
  19 yaktaur captains
  7 great orbs of eyes
  5 boulder beetles
  3 rakshasas
  32 vault guards
  6 ice dragons
  3 peacekeepers
  26 hydras
  5 spriggan air magi
  Erolcha (D:13)
  A merfolk avatar (Lair:5)
  A ghost crab (Swamp:4)
  6 ironbound frosthearts
  25 centaur warriors
  A hell beast (Zot:3)
  A jorogumo (Spider:2)
  5 two-headed ogres
  3 tengu warriors
  A death knight (Vaults:3)
  14 dancing weapons
  9 alligators
  2 deep troll shamans
  A radroach (Spider:2)
  7 deep troll earth magi
  11 death yaks
  5 orc high priests
  19 deep elf knights
  6 spriggan berserkers
  25 hell knights
  9 pharaoh ants
  A sun demon (Depths:2)
  3 skeletal warriors
  58 deep trolls
  4 soul eaters
  2 flayed ghosts
  A death drake (Swamp:3)
  5 goliath frogs
  A death drake (shapeshifter) (Vaults:4)
  5 sun moths
  5 iron trolls
  10 orb spiders
  10 steelbarb worms
  3 glowing orange brains
  15 lindwurms
  9 bog bodies
  5 spriggan druids
  2 sea snakes (Lair:5)
  14 deep elf archers
  4 phantasmal warriors
  A large abomination (D:12)
  12 wizards
  2 spriggan simulacra (IceCv)
  5 swamp dragons
  An obsidian statue (IceCv)
  Pikel (D:6)
  27 deep elf zephyrmancers
  8 harpies
  26 deep elf pyromancers
  16 ironbound convokers
  8 necromancers
  8 shining eyes
  14 wolf spiders
  19 orc knights
  7 orc sorcerers
  10 will-o-the-wisps
  50 ugly things
  An oklob plant (Lair:3)
  7 manticores
  5 cyclopes (D:13)
  A salamander (Depths:4)
  28 moths of wrath
  A rust devil (D:15)
  5 torpor snails
  Maurice (D:9)
  25 vault sentinels
  7 black mambas
  An apocalypse crab (Gauntlet)
  11 elephants
  7 orange demons
  A toenail golem (D:7)
  2 gargoyles (D:12)
  2 human skeletons (Vaults:3)
  A torpor snail (shapeshifter) (Vaults:5)
  An eye of devastation (Slime:5)
  11 cane toads
  2 rime drakes (Lair:5)
  11 komodo dragons
  An anaconda simulacrum (IceCv)
  2 efreet (D:14)
  9 demonic crawlers
  3 unseen horrors
  15 freezing wraiths
  26 yaktaurs
  A kobold demonologist (D:13)
  A yaktaur skeleton (Vaults:3)
  An ice devil (IceCv)
  7 tengu conjurers
  A hellwing (Swamp:4)
  2 golden dragon simulacra (IceCv)
  A queen bee (D:13)
  3 meliai (D:13)
  23 hornets
  A bloated husk (Swamp:2)
  3 merfolk (shapeshifter)
  6 tyrant leeches
  114 slime creatures
  2 polar bears (Lair:5)
  10 trolls
  25 tarantellas
  A dream sheep (shapeshifter) (Vaults:5)
  A tarantella (shapeshifter) (Vaults:5)
  26 blink frogs
  Grinder (D:6)
  3 snapping turtles (Lair:5)
  6 dream sheep
  A fire giant simulacrum (Vaults:3)
  49 jumping spiders
  20 culicivoras
  17 spriggans
  3 wraiths
  15 water elementals
  3 air elementals
  A shadow (D:8)
  7 wyverns
  6 dire elephant simulacra (IceCv)
  A vampire (D:10)
  2 fire elementals (Elf:3)
  45 yaks
  2 ynoxinuls (Depths:2)
  A golden eye (shapeshifter) (D:15)
  3 steam dragons
  2 chaos spawn (Depths:2)
  3 neqoxecs
  5 golden eyes
  4 basilisks
  54 redbacks
  2 minotaur simulacra (IceCv)
  15 vampire mosquitoes
  A warg (Orc:2)
  An ogre zombie (Vaults:3)
  Edmund (D:5)
  Menkaure (D:5)
  15 swamp worms
  An acid dragon (shapeshifter) (Depths:4)
  4 harpy simulacra (IceCv)
  3 acid dragons
  3 hell hounds (D:15)
  12 water moccasins
  5 hydra simulacra (IceCv)
  2 swamp drakes
  An ice beast (D:5)
  47 orc warriors
  2 sky beasts
  A black bear (shapeshifter) (D:13)
  3 black bears
  2 alligator simulacra (IceCv)
  6 centaurs
  13 ogres
  5 wolves (Lair:1)
  4 lemures
  2 phantoms
  10 bullfrogs
  3 kobold brigands
  2 gnoll sergeants
  Blork the orc (D:6)
  5 earth elementals
  3 necrophages
  A scorpion (D:5)
  A deep troll simulacrum (IceCv)
  8 wights
  5 lindwurm simulacra (IceCv)
  34 killer bees
  8 howler monkeys
  4 electric eels
  4 crimson imps (D:12)
  4 hounds
  22 orc priests
  A jelly (shapeshifter) (Vaults:5)
  4 iguanas
  Ijyb (D:3)
  18 orc wizards
  A hell rat (Lair:5)
  13 gnolls
  6 adders
  3 white imps
  A worm (D:2)
  4 dart slugs
  75 orcs
  7 endoplasms
  5 giant cockroaches
  9 goblins
  12 hobgoblins
  3 quokkas
  10 ball pythons
  3 bats
  4 frilled lizards
  22 kobolds
  3 rats (D:3)
2277 creatures vanquished.

Vanquished Creatures (collateral kills)
  Parghit (Depths:3)
  Jory (Vaults:4)
  Jorgrun (D:15)
  A fenstrider witch (Swamp:4)
  A vault warden (Vaults:2)
  2 orc warlords
  An eleionoma (Swamp:4)
  An ironbound thunderhulk (Vaults:4)
  A black draconian (Zot:2)
  A white draconian (Zot:5)
  A blizzard demon (Zot:1)
  An ettin (D:13)
  A vault guard (Vaults:2)
  2 hydras (Swamp:4)
  A dancing weapon (Elf:2)
  4 death yaks (Lair:3)
  A skeletal warrior (D:15)
  A goliath frog (Swamp:4)
  An ironbound convoker (Vaults:4)
  A wizard (Vaults:4)
  A deep elf zephyrmancer (Swamp:4)
  3 ugly things
  A cyclops (D:14)
  An orange demon (Swamp:4)
  A komodo dragon (Lair:3)
  A hellwing (Swamp:4)
  A jumping spider (Spider:2)
  A culicivora (Spider:2)
  4 yaks (Lair:3)
  A neqoxec (Swamp:4)
  A swamp worm (Swamp:4)
  A warg (Orc:2)
  A bullfrog (Lair:3)
  An orc (Orc:2)
44 creatures vanquished.

Vanquished Creatures (others)
  A death cob (Zot:2)
  A draconian knight (Zot:5)
  A draconian stormcaller (Zot:4)
  A hell knight (Depths:4)
  A wizard (Vaults:3)
  A deep elf pyromancer (Elf:3)
  3 deep elf zephyrmancers (Elf:1)
  2 black mambas (Lair:5)
  A bloated husk (Swamp:4)
  An ice beast (D:8)
  An orc warrior (Orc:2)
  2 orc wizards
  10 bushes
  38 foxfires
  27 fungi
  69 plants
160 creatures vanquished.

Grand Total: 2481 creatures vanquished

Notes
Turn   | Place    | Note
-------+----------+-------------------------------------------
     0 | D:1      | magipi the Vampire Berserker began the quest for the Orb.
     0 | D:1      | Reached XP level 1. HP: 17/17 MP: 1/1
   110 | D:1      | Found a faded altar of an unknown god.
   142 | D:1      | Reached XP level 2. HP: 23/23 MP: 2/2
   619 | D:1      | Gained mutation: You are afflicted with vampirism and can
                  | become a bat while bloodless. [Vampire growth]
   619 | D:1      | Reached XP level 3. HP: 28/28 MP: 3/3
  1380 | D:2      | Reached ** piety under Trog
  1782 | D:2      | Reached XP level 4. HP: 34/34 MP: 4/4
  2353 | D:3      | Noticed Ijyb
  2378 | D:3      | Killed Ijyb
  2379 | D:3      | Reached skill level 1 in Throwing
  2564 | D:3      | Reached XP level 5. HP: 39/39 MP: 5/5
  2789 | D:3      | Found an ancient bone altar of Kikubaaqudgha.
  3590 | D:4      | Noticed an ogre
  3611 | D:4      | Reached skill level 1 in Evocations
  3611 | D:4      | Reached XP level 6. HP: 46/46 MP: 6/6
  3613 | D:4      | Reached skill level 5 in Long Blades
  4102 | D:5      | Entered Level 5 of the Dungeon
  4106 | D:5      | Reached XP level 7. HP: 51/51 MP: 7/7
  4152 | D:5      | Found Mit Unwy's Antique Weapon Emporium.
  4178 | D:5      | Found a shadowy altar of Dithmenos.
  4179 | D:5      | Found a bloodstained altar of Trog.
  4179 | D:5      | Found an opulent altar of Gozag.
  4229 | D:5      | Found a blossoming altar of Fedhas.
  4752 | D:5      | Reached XP level 8. HP: 57/57 MP: 8/8
  4800 | D:5      | Reached skill level 5 in Dodging
  4946 | D:5      | Noticed Menkaure
  4958 | D:5      | Killed Menkaure
  5301 | D:6      | Noticed Blork the orc
  5310 | D:6      | Killed Blork the orc
  5464 | D:6      | Noticed Edmund
  5562 | D:5      | Killed Edmund
  5660 | D:6      | Noticed Grinder
  5682 | D:6      | Reached XP level 9. HP: 62/62 MP: 9/9
  5776 | D:6      | Killed Grinder
  5795 | D:6      | Identified the amulet "Movig" {Spirit Dex+5}
  6347 | D:6      | Noticed Pikel
  6372 | D:6      | Killed Pikel
  6417 | D:6      | Found a sparkling altar of Nemelex Xobeh.
  6859 | D:7      | Reached skill level 5 in Armour
  6934 | D:7      | Reached *** piety under Trog
  7058 | D:7      | Found a staircase to the Ecumenical Temple.
  7189 | Temple   | Entered the Ecumenical Temple
  7189 | Temple   | Found a transporter.
  7189 | Temple   | Found a transporter.
  7191 | Temple   | Found a transporter.
  7191 | Temple   | Found a transporter.
  7408 | D:8      | Reached XP level 10. HP: 64/68 MP: 10/10
  7988 | D:8      | Found a radiant altar of Vehumet.
  7988 | D:8      | Found a sacrificial altar of Ru.
  8000 | D:8      | Found a staircase to the Lair.
  8192 | D:9      | Noticed a two-headed ogre
  8199 | D:9      | Killed a two-headed ogre
  8200 | D:9      | Reached skill level 1 in Shields
  8200 | D:9      | Reached skill level 5 in Evocations
  8476 | D:9      | Reached skill level 5 in Throwing
  8584 | D:9      | Noticed Maurice
  8602 | D:9      | Killed Maurice
  8647 | D:9      | Reached skill level 10 in Long Blades
  9015 | D:9      | Noticed a two-headed ogre
  9037 | D:9      | Killed a two-headed ogre
  9038 | D:9      | Reached XP level 11. HP: 76/76 MP: 9/11
  9584 | D:9      | Found a staircase to the Orcish Mines.
  9860 | D:10     | Entered Level 10 of the Dungeon
 10075 | D:10     | Found a snail-covered altar of Cheibriados.
 10118 | D:10     | Reached **** piety under Trog
 10203 | D:10     | Found a runed translucent door.
 10220 | D:10     | Found a runed translucent door.
 10233 | D:10     | Found a runed translucent door.
 10248 | D:10     | Found a runed translucent door.
 10744 | D:10     | Noticed an orange crystal statue
 10798 | D:11     | Noticed an orc knight
 10798 | D:11     | Noticed an orc sorcerer
 10827 | D:11     | Noticed a two-headed ogre
 10848 | D:11     | Killed a two-headed ogre
 11418 | D:10     | Noticed a sun demon
 11427 | D:10     | Killed an orc sorcerer
 11605 | D:11     | Killed an orc knight
 11784 | D:11     | Found Wutusiqy's Serpentskin Sales.
 11802 | D:11     | Bought a scroll of poison for 64 gold pieces
 12027 | D:12     | Reached skill level 5 in Fighting
 12137 | D:12     | Identified the ring "Gaczemo" {Fly rElec rF+ Int+2 Slay-5}
 12304 | D:12     | Reached XP level 12. HP: 80/86 MP: 6/12
 12798 | D:12     | Noticed a five-headed hydra
 13168 | D:12     | Reached XP level 13. HP: 91/91 MP: 13/13
 13169 | D:12     | Reached XP level 14. HP: 98/98 MP: 14/14
 13647 | D:12     | Found a shimmering altar of Xom.
 13905 | Orc:1    | Entered Level 1 of the Orcish Mines
 14468 | Orc:2    | Entered Level 2 of the Orcish Mines
 14642 | Orc:2    | Reached skill level 10 in Evocations
 14837 | Orc:2    | Noticed an orc warlord
 14861 | Orc:2    | Killed an orc warlord
 15033 | Orc:2    | Reached skill level 5 in Shields
 15098 | Orc:2    | Noticed Donald
 15117 | Orc:2    | Killed Donald
 15816 | Orc:2    | Reached ***** piety under Trog
 16288 | Orc:2    | Found Unisiof's Jewellery Boutique.
 16300 | Orc:2    | Found Qiug's General Store.
 16322 | Orc:2    | Bought 2 scrolls of identify for 60 gold pieces
 16322 | Orc:2    | Bought a scroll of teleportation for 45 gold pieces
 16403 | Orc:2    | Found a staircase to the Elven Halls.
 16547 | Orc:2    | Found Gitem's Antique Weapon Boutique.
 16597 | Orc:2    | Found Besmot's Antique Armour Boutique.
 16749 | Orc:2    | Bought a helmet for 130 gold pieces
 16922 | Lair:1   | Entered Level 1 of the Lair of Beasts
 18158 | Lair:2   | Found a hole to the Spider Nest.
 18451 | Lair:2   | Identified the +8 war axe of Might {holy, Will+}
 18663 | Lair:2   | Reached skill level 10 in Dodging
 18663 | Lair:2   | Reached XP level 15. HP: 95/106 MP: 13/15
 19353 | Lair:3   | Found a runed translucent door.
 19354 | Lair:3   | Found a shimmering altar of Xom.
 19354 | Lair:3   | Noticed zielscheibe's ghost (journeyman NaVM)
 19527 | Lair:3   | Received a gift from Trog
 19612 | Lair:3   | Reached skill level 10 in Throwing
 19691 | Lair:3   | Found a staircase to the Swamp.
 22022 | Lair:5   | Entered Level 5 of the Lair of Beasts
 22063 | Lair:5   | Found a staircase to the Slime Pits.
 22063 | Lair:5   | Found a viscous altar of Jiyva.
 23011 | Lair:5   | Received a gift from Trog
 23042 | Lair:5   | Reached XP level 16. HP: 115/116 MP: 13/16
 24424 | D:13     | Noticed Nessos
 24438 | D:13     | Killed Nessos
 24512 | D:13     | Noticed Erolcha
 24518 | D:13     | Killed Erolcha
 24980 | D:13     | Reached skill level 15 in Long Blades
 26185 | D:14     | Found a gate to the Vaults.
 26559 | D:15     | Entered Level 15 of the Dungeon
 26559 | D:15     | Found an opulent altar of Gozag.
 26707 | D:15     | Found Ropn's Book Shoppe.
 26742 | D:15     | Found a gate leading to a gauntlet.
 26759 | Gauntlet | Entered a Gauntlet
 26759 | Gauntlet | Found a transporter.
 26762 | Gauntlet | Found a transporter.
 26762 | Gauntlet | Found a runed translucent gate.
 26764 | Gauntlet | Found a runed translucent gate.
 26764 | Gauntlet | Found a transporter.
 26765 | Gauntlet | Found a transporter.
 26768 | Gauntlet | Found a transporter.
 26769 | Gauntlet | Found a runed translucent gate.
 26771 | Gauntlet | Found a transporter.
 26777 | Gauntlet | Found a transporter.
 26785 | Gauntlet | Found a transporter.
 26797 | Gauntlet | Found a transporter.
 26815 | Gauntlet | Found a transporter.
 26819 | Gauntlet | Found a transporter.
 26827 | Gauntlet | Found a transporter.
 27019 | Gauntlet | Identified the +1 pair of boots of the Evening Star {Will+
                  | Regen+ MP+9}
 27043 | Gauntlet | Identified the +5 arbalest "Kagethro" {elec, rF++ Stlth+}
 27070 | Gauntlet | Identified the +7 war axe "Tazxosso" {vorpal, *Corrode rF+
                  | rC++ Will+}
 27070 | Gauntlet | Identified the +9 spear "Qoelie" {freeze, Str+3}
 27282 | D:15     | Noticed Jorgrun
 27293 | D:15     | Killed Jorgrun
 27563 | D:15     | Found a staircase to the Depths.
 27815 | D:11     | Bought a +0 cloak of poison resistance for 136 gold pieces
 28086 | Swamp:1  | Entered Level 1 of the Swamp
 28116 | Swamp:1  | Reached XP level 17. HP: 125/125 MP: 17/17
 28373 | Lair:3   | Received a gift from Trog
 28769 | Swamp:1  | Reached skill level 10 in Armour
 29831 | Swamp:3  | Reached skill level 10 in Fighting
 30127 | Swamp:3  | Reached skill level 10 in Shields
 30508 | Swamp:4  | Entered Level 4 of the Swamp
 30894 | Swamp:4  | Received a gift from Trog
 31194 | Swamp:4  | Noticed a tentacled monstrosity
 31208 | Swamp:4  | Killed a tentacled monstrosity
 31474 | Swamp:4  | Gained mutation: You are frail. (-10% HP) [a neqoxec]
 31501 | Swamp:4  | Identified the +4 longbow "Telifetwese" {flame, Int+2 SInv}
 31537 | Swamp:4  | Reached XP level 18. HP: 124/124 MP: 16/18
 31590 | Swamp:4  | Noticed Bai Suzhen
 31625 | Swamp:4  | Killed Bai Suzhen
 31802 | Swamp:4  | Got a decaying rune of Zot
 32222 | Spider:1 | Entered Level 1 of the Spider Nest
 32413 | Spider:1 | Found a frozen archway.
 32432 | IceCv    | Entered an ice cave
 32480 | IceCv    | Received a gift from Trog
 32872 | IceCv    | Found an ancient bone altar of Kikubaaqudgha.
 33067 | IceCv    | Noticed a lich
 33086 | IceCv    | Killed a lich
 34650 | Spider:2 | Received a gift from Trog
 35065 | Spider:2 | Identified the +1 scale mail "Xidahyav" {Harm rElec}
 35076 | Spider:2 | Noticed Mlioglotl
 35184 | Spider:2 | Noticed a lich
 35186 | Spider:2 | Paralysed by accursed screaming for 1 turns
 35645 | Elf:1    | Entered Level 1 of the Elven Halls
 35870 | Elf:1    | Paralysed by an air elemental for 1 turns
 35953 | Elf:1    | Received a gift from Trog
 36521 | Elf:1    | Reached XP level 19. HP: 123/136 MP: 19/19
 36691 | Elf:1    | Identified the +7 scimitar "Hupy" {vorpal, rElec} (Trog
                  | gifted it to you on level 1 of the Elven Halls)
 36691 | Elf:1    | Received a gift from Trog
 37031 | Elf:3    | Entered Level 3 of the Elven Halls
 37503 | Elf:2    | Identified Roxanne's Teachings on Geology
 37503 | Elf:2    | Noticed Roxanne
 37526 | Elf:2    | Noticed Agnes
 37540 | Elf:2    | Killed Agnes
 37574 | Elf:2    | Found a runed translucent gate.
 37574 | Elf:2    | Found a runed translucent gate.
 37574 | Elf:2    | Found a runed translucent gate.
 37663 | Elf:2    | Found Qymaqiol's Antique Weapon Boutique.
 38322 | Elf:3    | Identified the +1 scimitar of Volaidoust {flame, rC+ Will+}
                  | (Trog gifted it to you on level 3 of the Elven Halls)
 38322 | Elf:3    | Received a gift from Trog
 38500 | Elf:3    | Found a shimmering blue altar of Sif Muna.
 38716 | Elf:3    | Received a gift from Trog
 39095 | Elf:3    | Reached skill level 15 in Throwing
 39372 | Elf:3    | Identified the +8 great sword of Tenacity {elec, Int+3}
 39373 | Elf:3    | Identified the +7 chain mail of the Yeti {Contam Drain
                  | rElec Dex+7}
 39375 | Elf:3    | Identified the +5 scale mail "Qishrast" {rElec Str-2 SInv}
 39822 | Vaults:1 | Entered Level 1 of the Vaults
 40503 | Vaults:1 | Identified the +8 sling of Vuur {speed, MP+9 Dex+2 Stlth+}
 40513 | Vaults:1 | Reached XP level 20. HP: 141/143 MP: 20/20
 41081 | Vaults:1 | Reached skill level 15 in Evocations
 41840 | Vaults:2 | Reached ****** piety under Trog
 41866 | Vaults:2 | Received a gift from Trog
 42846 | Vaults:2 | Received a gift from Trog
 44055 | Vaults:3 | Found Minoguf's General Store.
 44428 | Vaults:3 | Identified the +12 falchion of the Equator {vorpal, Str+2}
                  | (Trog gifted it to you on level 3 of the Vaults)
 44428 | Vaults:3 | Received a gift from Trog
 44535 | Vaults:3 | Reached XP level 21. HP: 150/150 MP: 21/21
 44738 | Vaults:3 | Found a staircase to the Crypt.
 44860 | Vaults:3 | Noticed Margery
 44884 | Vaults:3 | Killed Margery
 44962 | Vaults:3 | Reached skill level 15 in Fighting
 45026 | Vaults:3 | Found Zoovul's Assorted Antiques.
 45028 | Vaults:3 | Found Parodimn's Jewellery Shop.
 45039 | Vaults:3 | Bought a potion of curing for 102 gold pieces
 45502 | Vaults:3 | Identified the +0 hat "Alar" {-Cast rN++ Will+ SInv}
 45518 | Vaults:3 | Found a radiant altar of Vehumet.
 45539 | Vaults:3 | Identified the +1 robe "Uliuma Yklog" {Harm Int-5 Dex+7
                  | Stlth+}
 45651 | Vaults:3 | Identified the +5 spear "Meyr Osk" {vorpal, rPois}
 45852 | Vaults:3 | Found Nanuky's Assorted Antiques.
 45892 | Vaults:3 | Found Xuyript's General Store.
 46099 | Vaults:3 | Received a gift from Trog
 46642 | Orc:2    | Bought a scroll of brand weapon for 142 gold pieces
 48057 | Vaults:4 | Noticed Mennas
 48206 | Depths:1 | Entered Level 1 of the Depths
 48257 | Depths:1 | Found a one-way gate leading to the halls of Pandemonium.
 48563 | Depths:1 | Received a gift from Trog
 48614 | Depths:1 | Identified the +1 war axe of Bodily Humours {vorpal, rElec
                  | Will+ rCorr Str+4}
 49028 | Depths:1 | Found a gateway to Hell.
 49082 | Depths:1 | Found a hide-covered altar of Uskayaw.
 49242 | Depths:1 | Found a one-way gateway to a ziggurat.
 50111 | Depths:2 | Found Ytuumokk's Book Shoppe.
 50380 | Depths:2 | Reached XP level 22. HP: 124/158 MP: 22/22
 50389 | Depths:2 | Reached skill level 15 in Dodging
 51029 | Depths:3 | Found a one-way gate to the infinite horrors of the Abyss.
 51101 | Depths:3 | Noticed Vv
 51215 | Depths:3 | Killed Vv
 51542 | Depths:3 | Noticed Parghit
 51953 | Depths:3 | Killed Parghit
 52047 | Depths:3 | Received a gift from Trog
 52172 | Depths:3 | Noticed a golden dragon
 52193 | Depths:3 | Killed a golden dragon
 52673 | Depths:4 | Entered Level 4 of the Depths
 53499 | Depths:4 | Received a gift from Trog
 54277 | Depths:4 | Found a gate to the Realm of Zot.
 54680 | Spider:2 | Killed Mlioglotl
 54932 | Spider:2 | Noticed Arachne
 54948 | Spider:2 | Killed Arachne
 55451 | Spider:3 | Reached XP level 23. HP: 168/168 MP: 23/23
 56012 | Spider:4 | Entered Level 4 of the Spider Nest
 56236 | Spider:4 | Received a gift from Trog
 56600 | Spider:4 | Found a runed translucent gate.
 56601 | Spider:4 | Found a runed translucent gate.
 56601 | Spider:4 | Found a runed translucent gate.
 56601 | Spider:4 | Noticed cfbundy's ghost (adept FoFi)
 56601 | Spider:4 | Noticed Honosyedgha's ghost (adept GrBe)
 56601 | Spider:4 | Noticed endersaim's ghost (adept MfSk)
 57221 | Spider:4 | Identified the +2 scimitar of Ohuhye {vorpal, MP-9 Dex+2
                  | SInv} (Trog gifted it to you on level 4 of the Spider Nest)
 57221 | Spider:4 | Received a gift from Trog
 57573 | Spider:4 | Reached skill level 15 in Shields
 57698 | Spider:4 | Got a gossamer rune of Zot
 58196 | Slime:1  | Entered Level 1 of the Pits of Slime
 58590 | Vaults:3 | Bought a scroll of teleportation for 102 gold pieces
 58590 | Vaults:3 | Bought a scroll of immolation for 136 gold pieces
 58964 | Slime:2  | You fall into a shaft and drop 2 floors!
 59046 | Slime:2  | Gained mutation: You sometimes lose your temper in combat.
                  | [a shining eye]
 59113 | Slime:1  | Gained mutation: Armour fits poorly on your strangely
                  | shaped body. [a shining eye]
 59247 | Slime:4  | Received a gift from Trog
 59325 | Slime:5  | Entered Level 5 of the Pits of Slime
 59351 | Slime:5  | Gained mutation: You have hidden genetic defects. [a
                  | shining eye]
 59363 | Slime:5  | Found a viscous altar of Jiyva.
 59388 | Slime:5  | Noticed the Royal Jelly
 59398 | Slime:5  | Killed the Royal Jelly
 59584 | Slime:5  | Gained mutation: You are very frail. (-20% HP) [a shining
                  | eye]
 60041 | Slime:5  | Found the +8 demon trident "Rift" {distort, reach+}
 60072 | Slime:5  | Identified the ring of Sollomm {Str+6 Stlth+}
 60078 | Slime:5  | Got a slimy rune of Zot
 60241 | Slime:1  | Gained mutation: You occasionally shout uncontrollably at
                  | your foes. [hidden defects]
 60661 | Elf:3    | Lost mutation: You sometimes lose your temper in combat.
                  | [potion of mutation]
 60661 | Elf:3    | Lost mutation: You have hidden genetic defects. [potion of
                  | mutation]
 60661 | Elf:3    | Gained mutation: Your muscles are strong. (Str +4, Int/Dex
                  | -1) [potion of mutation]
 61127 | Vaults:3 | Lost mutation: Your muscles are strong. (Str +4, Int/Dex
                  | -1) [potion of mutation]
 61127 | Vaults:3 | Lost mutation: You occasionally shout uncontrollably at
                  | your foes. [potion of mutation]
 61127 | Vaults:3 | Lost mutation: You are very frail. (-20% HP) [potion of
                  | mutation]
 61127 | Vaults:3 | Gained mutation: Your body sometimes deteriorates upon
                  | taking damage. [potion of mutation]
 61127 | Vaults:3 | Gained mutation: You have hidden genetic potential. [potion
                  | of mutation]
 61127 | Vaults:3 | Gained mutation: You have great hidden genetic potential.
                  | [potion of mutation]
 61166 | Vaults:4 | Killed Mennas
 61389 | Vaults:4 | Received a gift from Trog
 61500 | Vaults:4 | Noticed Jory
 61510 | Vaults:4 | Killed Jory
 61853 | Vaults:4 | Reached XP level 24. HP: 106/177 MP: 19/23
 61931 | Vaults:4 | Found Jaotuhun's Jewellery Shop.
 62391 | Vaults:4 | Bought the ring "Fuoz" {rF+ rC+ Str+2 Dex+4 Stlth+} for 924
                  | gold pieces
 62810 | Vaults:5 | Entered Level 5 of the Vaults
 63303 | Vaults:5 | Noticed an ancient lich
 63326 | Vaults:5 | Killed an ancient lich
 63326 | Vaults:5 | Received a gift from Trog
 63817 | Vaults:5 | Noticed a shard shrike
 63821 | Vaults:5 | Noticed a shard shrike
 63823 | Vaults:5 | Noticed a juggernaut
 63823 | Vaults:5 | a shard shrike changed into a juggernaut
 63824 | Vaults:5 | a juggernaut changed into a glowing shapeshifter
 64031 | Vaults:5 | Identified the ring of Nolawas {Wiz rElec rC++ rCorr
                  | Stlth-}
 64259 | Vaults:5 | Found Ucic's Book Boutique.
 64287 | Vaults:5 | Identified the +9 war axe of the Candle {drain, Will+
                  | Int+5}
 64361 | Vaults:5 | Received a gift from Trog
 64421 | Vaults:5 | Identified the +0 robe of Altruism {Str+4 Int+4}
 64489 | Vaults:5 | Identified the +1 pair of gloves "Maguc" {rN++ Will+ Regen+
                  | Dex-4}
 64661 | Vaults:5 | Got a silver rune of Zot
 64832 | Vaults:5 | Found Ucic's Book Boutique.
 64840 | Vaults:5 | Noticed an ancient lich
 64864 | Vaults:5 | Killed an ancient lich
 64890 | Vaults:5 | Gained mutation: You expend magic power (3 MP) to
                  | strengthen your wands. [hidden potential]
 65765 | Zot:1    | Entered Level 1 of the Realm of Zot
 65788 | Zot:1    | Found a runed translucent gate.
 65788 | Zot:1    | Found a runed translucent gate.
 65788 | Zot:1    | Found a runed translucent gate.
 66769 | Zot:1    | Received a gift from Trog
 66787 | Zot:2    | Noticed a Killer Klown
 66805 | Zot:1    | Killed a Killer Klown
 66858 | Zot:1    | Reached XP level 25. HP: 150/183 MP: 5/23
 67039 | Zot:2    | Noticed an orb of fire
 67045 | Zot:2    | Gained mutation: You are clumsy. (Dex -2) [an orb of fire]
 67050 | Zot:2    | Killed an orb of fire
 67057 | Zot:2    | Reached skill level 15 in Armour
 68579 | Zot:3    | Received a gift from Trog
 70226 | Zot:4    | Found a runed translucent door.
 70226 | Zot:4    | Found a shimmering altar of Xom.
 70226 | Zot:4    | Noticed Armakuni's ghost (master MeCj)
 70316 | Zot:4    | Gained mutation: Your spells are a little harder to cast,
                  | but a little more powerful. [hidden potential]
 70316 | Zot:4    | Lost mutation: You have great hidden genetic potential.
                  | [hidden potential expressed]
 70579 | Zot:4    | Identified the +1 scale mail "Peuskon" {rElec Str+4 Int-4}
 70847 | Zot:5    | Entered Level 5 of the Realm of Zot
 70997 | Zot:4    | Received a gift from Trog
 72005 | Zot:5    | Noticed an orb of fire
 72006 | Zot:5    | Noticed an ancient lich
 72012 | Zot:5    | Reached XP level 26. HP: 189/191 MP: 21/23
 72014 | Zot:5    | Noticed an orb of fire
 72015 | Zot:5    | Noticed an orb of fire
 72015 | Zot:5    | Noticed a dread lich
 72021 | Zot:5    | Noticed an ancient lich
 72022 | Zot:5    | Killed an orb of fire
 72025 | Zot:5    | Killed an ancient lich
 72029 | Zot:5    | Gained mutation: You are very frail. (-20% HP) [an orb of
                  | fire]
 72150 | Zot:5    | Gained mutation: You sometimes lose your temper in combat.
                  | [an orb of fire]
 72151 | Zot:5    | Gained mutation: Your magical capacity is low. (-10% MP)
                  | [an orb of fire]
 72154 | Zot:5    | Gained mutation: You are extremely frail. (-30% HP) [an orb
                  | of fire]
 72157 | Zot:5    | Lost mutation: Armour fits poorly on your strangely shaped
                  | body. [an orb of fire]
 72159 | Zot:5    | Gained mutation: Your body often deteriorates upon taking
                  | damage. [an orb of fire]
 72175 | Zot:4    | Killed an orb of fire
 72226 | Zot:4    | Killed a dread lich
 72270 | Zot:4    | Killed an ancient lich
 72331 | Zot:5    | Gained mutation: You are weak. (Str -2) [an orb of fire]
 72347 | Zot:4    | Killed an orb of fire
 72397 | Zot:5    | Noticed a dread lich
 72428 | Zot:5    | Killed a dread lich
 73182 | Zot:5    | Noticed a dread lich
 73473 | Zot:5    | Killed a dread lich
 73734 | Zot:5    | Noticed an ancient lich
 73848 | Zot:4    | Killed an ancient lich
 75287 | Zot:5    | Received a gift from Trog
 76024 | Zot:5    | Got the Orb of Zot
 76177 | Zot:1    | Noticed Vyx Rune the pandemonium lord
 76195 | Zot:1    | Killed Vyx Rune the pandemonium lord
 76384 | D:14     | Noticed Zotoaq the pandemonium lord
 76510 | D:8      | Noticed Zexku the pandemonium lord
 76576 | D:7      | Lost mutation: You are clumsy. (Dex -2) [hidden potential]
 76758 | D:$      | Escaped with the Orb!

Illustrated notes

Levels and vault maps discovered:
D:1:      dpeg_arrival_rhombi, layout_loops_cross,
          chequers_ecumenical_altar_simple_redux, grunt_decor_resistance
D:2:      kb_forest_paths, layout_basic, wad_floor_pattern_untrapped
D:3:      layout_loops_ring, elyvilon_altar_4,
          mainiacjoe_overflow_small_starburst, minmay_misc_feat_plants,
          uniq_ijyb
D:4:      layout_loops_ring, nicolae_tso_carved_into_rock, minmay_joined_circles
D:5:      layout_basic, minitemple, serial_shops, nicolae_shop_trees,
          uniq_menkaure
D:6:      layout_rooms, kennysheep_mini, minivault_27, uniq_edmund, uniq_pikel,
          uniq_grinder, uniq_blork_the_orc
D:7:      layout_rooms, minmay_temple_entry_junction_2
D:8:      layout_cave_pools, mainiacjoe_overflow_divided_tiny, lair_entry_dummy
D:9:      layout_stronghold, erik_orc_1, uniq_maurice
D:10:     layout_loops_ring, mainiacjoe_overflow_surrounded_room,
          minmay_statue_crystal_thing
D:11:     layout_rooms, hangedman_decor_opposing, guppyfry_shop_venom
D:12:     layout_stronghold, kennysheep_doodads, corexii_corridor_pit,
          led_xom_imps
D:13:     layout_roguey [special_room_bee], hellmonk_guarded_unrand_dark_maul,
          uniq_erolcha, uniq_nessos
D:14:     layout_rooms, lightli_vaults_fourway_checkpoint,
          hellmonk_bongcloud_opening, st_stairs_9
D:15:     grunt_enter_depths_hoard, layout_small_grid, gauntlet_entry_generic,
          nicolae_gozag_cash_rules_everything_around_me, serial_shops,
          nicolae_shop_waterfront, uniq_jorgrun
Temple:   hellmonk_temple_divided_pantheon
Lair:1:   layout_roguey, lemuel_fruit_tree
Lair:2:   layout_cave_pods, nicolae_spider_entry_tight_spaces
Lair:3:   layout_chaotic_city, swamp_mist_pool, ebering_ghost_xom,
          serial_bayou_shore_a
Lair:4:   layout_cellular_growth
Lair:5:   gammafunk_lair_ancient_temple, layout_cave_pods, slime_entry_1,
          minmay_hedge_maze, st_stairs_10, ldierk_geyser,
          minmay_shattered_shrine
Swamp:1:  layout_basic_swamp, hangedman_swamp_ruin_wall,
          infiniplex_staircase_pool_2
Swamp:2:  layout_basic_swamp, evilmike_swamp_ruin_rubble_2
Swamp:3:  layout_basic_swamp, nicolae_swamp_treefoil
Swamp:4:  nzn_swamp_witches_coven, layout_basic_swamp, uniq_bai_suzhen
Spider:1: layout_cave_pods, portal_ice_cave_entry_pillars_four,
          nicolae_spider_checkerboard
Spider:2: nicolae_spider_hilbert_zone_1 [nicolae_spider_hilbert_4_sides_1_open,
          nicolae_spider_hilbert_4_sides_1_open,
          nicolae_spider_hilbert_4_sides_1_open,
          nicolae_spider_hilbert_4_sides_1_open,
          nicolae_spider_hilbert_3_sides_1_open,
          nicolae_spider_hilbert_3_sides_1_open,
          nicolae_spider_hilbert_3_sides_1_open,
          nicolae_spider_hilbert_3_sides_1_open,
          nicolae_spider_hilbert_3_sides_1_open,
          nicolae_spider_hilbert_6_sides_1_open,
          nicolae_spider_hilbert_6_sides_1_open,
          nicolae_spider_hilbert_3_sides_1_open,
          nicolae_spider_hilbert_3_sides_1_open,
          nicolae_spider_hilbert_3_sides_1_open,
          nicolae_spider_hilbert_3_sides_1_open,
          nicolae_spider_hilbert_2_sides_1_open], guppyfry_spider_mini_1,
          uniq_mlioglotl, uniq_arachne
Spider:3: layout_spider_delve, nicolae_spider_nooks_and_crannies,
          hangedman_spider_tarantella_strand
Spider:4: spider_rune_water, gammafunk_ghost_cemetery
Slime:1:  layout_caves
Slime:2:  layout_caves
Slime:3:  layout_caves
Slime:4:  layout_caves
Slime:5
Orc:1:    layout_diamond_mine
Orc:2:    grunt_orc_cross, layout_caves, uniq_donald
Elf:1:    nicolae_elf_arrival_no_cutting_in_line, layout_geoelf_octagon,
          minmay_elf_sorcery
Elf:2:    elven_hall_of_blades_hangedman_original [nicolae_blade_little_rooms],
          layout_gridlike, serial_shops, shop_fountains, uniq_roxanne,
          uniq_agnes
Elf:3:    elf_hall, layout_loops_corners, nicolae_elf_theology_debate
Vaults:1: ontoclasm_vaults_loading_screen, v_misc_12, vaults_mumra_hex,
          vaults_dpeg_diagonal, v_misc_22, v_alt_pattern_3, special_room_vaults
          [special_room_orc], layout_vaults_omnigrid
Vaults:2: ontoclasm_vaults_ring_large, v_alt_pattern_1, v_misc_30, v_misc_4,
          vaults_standard_mumra_x, v_misc_3, v_pattern_3,
          nicolae_vaults_little_squares_3, nicolae_vaults_little_squares_1,
          special_room_vaults [special_room_orc],
          ontoclasm_vaults_decontamination, hangedman_vaults_cutoff,
          serial_ice_g, vaults_room_stairs_pillars, layout_vaults_maze_snakey
Vaults:3: nicolae_vaults_windows_and_doors_thing, nicolae_vaults_theta,
          nicolae_vaults_network_square, nicolae_vaults_circle_grid_b,
          hangedman_vaults_corner_blocks, grunt_tower_of_power, v_misc_18,
          v_misc_23, grunt_vaults_hallway_long, vaults_dpeg_emergency_exit,
          hangedman_vaults_locks, hangedman_vaults_hat,
          minmay_crypt_entry_simple_plaza, nicolae_vaults_specimen_jars,
          layout_vaults_omnibox, serial_shops, shop_fountains,
          nicolae_shop_behind_doors, shop,
          nicolae_shop_competitors_out_of_business, shop, uniq_margery
Vaults:4: v_misc_14, hangedman_vaults_maws, nicolae_vaults_ninety_degrees,
          nicolae_vaults_triangles, nicolae_vaults_three_branches,
          vaults_dpeg_encased_lava, v_misc_10, nicolae_vaults_what_the_h,
          v_misc_19, layout_vaults_big_room, serial_shops,
          nicolae_shop_advertising_works [nicolae_subvault_shop_adworks],
          uniq_mennas, uniq_jory
Vaults:5
Depths:1: layout_cave_pools, enter_ziggurat_c, nicolae_uskayaw_dance_hall,
          rand_demon_pan_entry_7, hell_entry, chequers_decorated_corner,
          eino_small_chamber_without_monster, kennysheep_inner_square
Depths:2: nicolae_BIG_FREAKIN_CUBE, layout_cave_pools, grunt_pan_entry_sceptre,
          serial_shops, shop, hangedman_tar_grid_catacomb,
          chequers_serial_rivers_micro_b
Depths:3: dreamdust_merry_men, layout_honeycomb, abyss_entry, grunt_metal_band,
          serial_glass, glass_columns_c, glass_columns_a, minmay_crystal_water,
          st_stairs_6, uniq_parghit, uniq_vv
Depths:4: evilmike_zot_entry_hall, layout_basic, minmay_misc_feat_cross,
          hangedman_coc_ice_floe
Zot:1:    layout_onion_interference, gammafunk_ghost_tricky_traps,
          grunt_megastairs_1
Zot:2:    layout_misc_corridors
Zot:3:    layout_basic
Zot:4:    kennysheep_six_static_rooms, layout_cathedral_of_symmetry,
          ebering_ghost_xom, hangedman_swamp_dais
Zot:5:    layout_twisted_circle, skrybe_zot_glass_1

Skill      XL: |  1  2  3  4  5  6  7  8  9 10 11 12 13 14 15 16 17 18 19 20 21 22 23 24 25 26 |
---------------+-------------------------------------------------------------------------------+-----
Armour         | 2 3 4 5 6 7 8 9 10 11 12 14 16 17 | 17.1
Long Blades    | 4 5 6 7 9 10 11 13 14 16 | 16.0
Dodging        | 3 4 5 6 7 8 10 11 12 13 14 15 16 18 19 | 19.1
Throwing       | 1 2 3 4 5 6 8 9 10 11 12 13 15 16 17 | 17.4
Evocations     | 1 2 3 4 5 6 8 9 10 11 12 14 15 16 18 19 | 19.0
Fighting       | 3 5 6 7 9 11 14 15 17 18 19 | 19.0
Shields        | 2 4 5 7 8 10 13 15 17 18 | 18.0

Action                   |  1- 3 |  4- 6 |  7- 9 | 10-12 | 13-15 | 16-18 | 19-21 | 22-24 | 25-27 || total
-------------------------+-------+-------+-------+-------+-------+-------+-------+-------+-------++-------
Melee: Falchion          |   123 |   179 |   403 |       |       |       |       |       |       ||   705
       Bite              |     9 |    26 |    49 |    94 |   191 |   313 |   498 |   599 |   310 ||  2089
       Punch             |     1 |     2 |     5 |       |       |       |       |       |       ||     8
       Long sword        |       |       |    48 |   635 |   175 |       |       |       |       ||   858
       Scimitar          |       |       |       |       |   919 |   704 |     2 |       |       ||  1625
       Double sword      |       |       |       |       |   197 |  1292 |  1724 |       |       ||  3213
       Demon blade       |       |       |       |       |       |    34 |   634 |  2678 |  1307 ||  4653
Throw: Boomerang         |       |       |       |     4 |   146 |   140 |   160 |   149 |   139 ||   738
       Dart              |       |       |       |     1 |     2 |     3 |       |       |       ||     6
       Javelin           |       |       |       |       |     1 |    27 |    36 |    34 |    58 ||   156
       Throwing net      |       |       |       |       |       |       |       |     1 |     1 ||     2
Invok: Berserk           |     1 |     6 |    16 |    19 |    14 |    11 |     9 |     9 |     8 ||    93
       Trog's Hand       |       |       |     3 |     6 |     6 |    12 |    14 |     3 |     1 ||    45
       Brothers in Arms  |       |       |       |       |     2 |     4 |     3 |     6 |     2 ||    17
Evoke: Wand              |       |       |       |     1 |    26 |    14 |     5 |    12 |    26 ||    84
       Lightning rod     |       |       |       |       |       |     7 |     1 |       |     1 ||     9
       Tin of tremorston |       |       |       |       |       |     8 |     9 |    12 |     7 ||    36
       Phantom mirror    |       |       |       |       |       |     1 |       |       |       ||     1
       Box of beasts     |       |       |       |       |       |     2 |       |     2 |     2 ||     6
       Condenser vane    |       |       |       |       |       |       |     5 |     2 |     2 ||     9
  Use: Potion            |       |       |       |     6 |     2 |     8 |     3 |    11 |     7 ||    37
       Scroll            |       |       |       |    20 |     9 |    21 |    11 |    14 |    15 ||    90
 Stab: Sleeping          |     1 |       |       |       |       |       |       |       |       ||     1
       Paralysed         |       |       |       |       |       |     2 |       |       |       ||     2
       Invisible         |       |       |       |       |       |     1 |       |       |       ||     1
       Distracted        |       |       |       |       |       |     3 |     1 |     4 |       ||     8
       Petrified         |       |       |       |       |       |       |       |    10 |       ||    10
       Held in net/web   |       |       |       |       |       |       |       |     1 |       ||     1
       Confused          |       |       |       |       |       |       |       |       |     2 ||     2
Armor: Animal skin       |    25 |       |       |       |       |       |       |       |       ||    25
       Plate armour      |    14 |    97 |   336 |   317 |   123 |       |       |       |       ||   887
       Chain mail        |       |       |       |       |   408 |  1073 |   804 |   704 |   374 ||  3363
Dodge: Dodged            |    58 |    53 |   151 |   191 |   513 |  1042 |   907 |  1301 |   663 ||  4879
Block: Kite shield       |       |       |       |   277 |   662 |  1353 |  1294 |  1704 |   852 ||  6142
       Reflection        |       |       |       |       |       |    26 |    77 |    39 |     9 ||   151
